 Dungeon Crawl Stone Soup version 0.16-b1 (webtiles) character file.

8 RobertPalmer the Grasshopper (level 2, 14/19 HPs)
             Began as an Octopode Warper on Mar 15, 2015.
             Quit the game on level 1 of the Dungeon.
             The game lasted 00:00:21 (81 turns).

RobertPalmer the Grasshopper (Octopode Warper)        Turns: 81, Time: 00:00:21

Health: 14/19      AC:  1    Str: 10    XL:     2   Next: 8%
Magic:  4/4        EV: 12    Int: 15    God:
Gold:   8          SH:  0    Dex: 11    Spells: 1 memorised, 4 levels left

rFire  . . .     SeeInvis .     a - +0 mace
rCold  . . .     Clarity  .     (no shield)
rNeg   . . .     SustAb   .     (helmet restricted)
rPois  .         Gourm    .     (no amulet)
rElec  .         Spirit   .     (no ring)
rCorr  .         Warding  .     (no ring)
rMut   .         Stasis   .     (no ring)
MR     .....                    (no ring)
Stlth  ++........               (no ring)
                                (no ring)
                                (no ring)
                                (no ring)

@: not resistant to hostile enchantments, unstealthy
A: almost no armour, amphibious, 8 rings, constrict 8, camouflage 1, gelatinous
body 1
a: no special abilities


You were on level 1 of the Dungeon.
You were not hungry.

You visited 1 branch of the dungeon, and saw 1 of its levels.

You collected 8 gold pieces.

Inventory:

Hand weapons
 a - a +0 mace (weapon)
Missiles
 e - 5 tomahawks of dispersal (quivered) {=f}
Scrolls
 b - a scroll of magic mapping {unknown}
 d - a scroll of blinking {!r}
Potions
 g - a potion of curing {unknown}
Books
 c - a book of Spatial Translocations
Comestibles
 f - a bread ration


   Skills:
 + Level 2.0 Fighting
 + Level 2.0 Maces & Flails
 + Level 1.1 Throwing
 + Level 2.4 Dodging
 + Level 2.1 Spellcasting
 + Level 3.2 Translocations


You had 4 spell levels left.
You knew the following spells:

 Your Spells              Type           Power        Failure   Level  Hunger
g - Apportation           Tloc           ##........   8%          1    #......


Dungeon Overview and Level Annotations

Branches:
Dungeon (1/15)

Altars:


Innate Abilities, Weirdness & Mutations

You cannot wear most types of armour.
You are amphibious.
You can wear up to eight rings at the same time.
You can use your tentacles to constrict many enemies at once.
Your skin changes colour to match your surroundings (Stealth).
Your rubbery body absorbs attacks (AC +1).


Message History

Welcome, RobertPalmer the Octopode Warper.
Will you be the one to retrieve the fabulous Orb of Zot from the depths?
Press ? for a list of commands and other information.
Found a scroll labeled AQEDINN TRAJIO.
Found a staircase leading out of the dungeon.
b - a scroll labeled AQEDINN TRAJIO You open the door.
A giant gecko comes into view.
There is an open door here.
A rat comes into view.
The giant gecko barely misses you.
You miss the giant gecko. Your grab misses the giant gecko.
The giant gecko bites you. The giant gecko misses you.
You closely miss the giant gecko. Your grab misses the giant gecko.
You squeeze the giant gecko.
The giant gecko is lightly wounded.
The giant gecko bites you.
You closely miss the giant gecko. You grab the giant gecko.
The giant gecko is lightly wounded.
You constrict the giant gecko. The giant gecko barely misses you.
The giant gecko closely misses you.
You hit the giant gecko.
The giant gecko is severely wounded.
You constrict the giant gecko. The giant gecko barely misses you.
You sock the giant gecko!
You kill the giant gecko!
You hit the rat.
You kill the rat!
No target in view!
No target in view!
You see here a giant gecko corpse.
A goblin comes into view.
You see here 8 gold pieces.
A goblin is nearby!
The goblin shouts!
The goblin misses you.
You hit the goblin but do no damage. You grab the goblin.
You constrict the goblin. The goblin misses you.
The goblin completely misses you.
You sock the goblin!
You kill the goblin!
No target in view!
No target in view!
g - a glowing golden potion You now have 8 gold pieces.
A hobgoblin comes into view.
A hobgoblin is nearby!
A hobgoblin is nearby!
A hobgoblin is nearby!
A hobgoblin is nearby!
Found a stone staircase leading down.
The hobgoblin misses you.
You hit the hobgoblin. Your grab misses the hobgoblin.
The hobgoblin is heavily wounded.
The hobgoblin hits you.
You hit the hobgoblin.
You kill the hobgoblin!
No target in view!
No target in view!
A goblin comes into view.
A goblin is nearby!
A goblin is nearby!
A goblin is nearby!
A goblin is nearby!
A giant cockroach comes into view.
The giant cockroach waves its antennae.
You hit the giant cockroach but do no damage.
Your grab misses the giant cockroach. The giant cockroach closely misses you.
You closely miss the giant cockroach. You grab the giant cockroach.
You squeeze the giant cockroach, but do no damage.
You constrict the giant cockroach, but do no damage.
The giant cockroach barely misses you. The giant cockroach closely misses you.
You hit the giant cockroach.
The giant cockroach is lightly wounded.
You constrict the giant cockroach, but do no damage.
The giant cockroach closely misses you.
You barely miss the giant cockroach.
The giant cockroach is lightly wounded.
You constrict the giant cockroach. The giant cockroach closely misses you.
The giant cockroach barely misses you.
You hit the giant cockroach but do no damage.
The giant cockroach is severely wounded.
You constrict the giant cockroach, but do no damage.
The giant cockroach bites you.
You hit the giant cockroach.
You kill the giant cockroach!
You have reached level 2!
The goblin shouts!
You hit the goblin. You grab the goblin.
The goblin is severely wounded.
You constrict the goblin.
You kill the goblin!
No target in view!
Quiver which item? (- for none, * to show all) (? for menu, Esc to quit)
You don't have any such object.
Quiver which item? (- for none, * to show all) (? for menu, Esc to quit)
Quivering
e - 5 tomahawks of dispersal {=f} for throwing.
Are you sure you want to abandon this character and quit the game? (Confirm with "yes".)

# #. ######### #.
#.>.....# #..
.#.......# #..#
#.#....(..#
#..†###.##.......#
#@..###.......#
##.#..........#
#.#.##.......#
#.#†###.####.#
....# #......####
....# ######.....
(..... #.####
.....# #.....
#.....# #.##..


There were no monsters in sight!

Vanquished Creatures
  A giant gecko (D:1)
  A giant cockroach (D:1)
  2 goblins (D:1)
  A hobgoblin (D:1)
  A rat (D:1)
6 creatures vanquished.

Notes
Turn   | Place    | Note
--------------------------------------------------------------
     0 | D:1      | RobertPalmer, the Octopode Warper, began the quest for the Orb.
     0 | D:1      | Reached XP level 1. HP: 14/14 MP: 3/3
    75 | D:1      | Reached XP level 2. HP: 14/19 MP: 4/4
    81 | D:1      | Quit the game

Action                   || total
-------------------------++-------
Melee: Mace              ||    17

Vault maps used:
D:1:      dpeg_arrival_shelter

Table legend:
 A = Turns spent in this place as a percentage of turns spent in the entire game.
 B = Non-inter-level travel turns spent in this place as a percentage of non-inter-level travel turns spent in the entire game.
 C = Inter-level travel turns spent in this place as a percentage of turns spent in this place.
 D = Turns resting spent in this place as a percentage of non-inter-level travel turns spent in this place.
 E = Turns spent auto-exploring this place as a percentage of non-inter-level travel turns spent in this place.
 F = Non-inter-level travel turns spent in this place divided by the number of levels of this place that you've seen.
                   A       B       C       D       E      F
               +-------+-------+-------+-------+-------+----------------------
         Total | 100.0 | 100.0 |   0.0 |   0.0 |   2.9 |  69.0
       Dungeon | 100.0 | 100.0 |   0.0 |   0.0 |   2.9 |  69.0
               +-------+-------+-------+-------+-------+----------------------

Table legend:
 A = Kills in this place as a percentage of kills in entire the game.
 B = Kills by you in this place as a percentage of kills by you in the entire game.
 C = Kills by friends in this place as a percentage of kills by friends in the entire game.
 D = Other kills in this place as a percentage of other kills in the entire game.
 E = Experience gained in this place as a percentage of experience gained in the entire game.
 F = Experience gained in this place divided by the number of levels of this place that you have seen.
                   A       B       C       D       E      F
               +-------+-------+-------+-------+-------+----------------------
         Total | 100.0 | 100.0 |  -nan |  -nan | 100.0 |  12.0
       Dungeon | 100.0 | 100.0 |  -nan |  -nan | 100.0 |  12.0
               +-------+-------+-------+-------+-------+----------------------
